 Dungeon Crawl Stone Soup version 0.14.1-24-gbdbe590 (webtiles) character file.

216 MirrMurr the Sneak (level 4, 0/21 HPs)
             Began as a Spriggan Enchanter on June 17, 2014.
             Slain by Grinder (2 damage)
             ... while paralysed by Grinder
             ... on Level 3 of the Dungeon.
             The game lasted 00:06:13 (2343 turns).

MirrMurr the Sneak (Spriggan Enchanter)             Turns: 2343, Time: 00:06:13

HP   0/21        AC  4     Str  5      XL: 4   Next: 69%
MP  12/12        EV  4     Int 16      God:
Gold 100         SH  0     Dex 16      Spells:  3 memorised,  2 levels left

rFire  . . .     SeeInvis +     a - +2,+1 dagger
rCold  . . .     Clarity  .     b - +1 robe
rNeg   . . .     Conserve .     (shield restricted)
rPois  .         rCorr    .     (helmet restricted)
rElec  .         rRot     .     (no cloak)
SustAb . .       Spirit   .     (gloves unavailable)
rMut   .         Warding  .     (boots unavailable)
Saprov . . .     Stasis   .     (no amulet)
MR     .....                    n - +1 ring of protection
                                p - ring of wizardry

@: paralysed, very quick, not resistant to hostile enchantments, very stealthy
A: unfitting armour, see invisible, herbivore 3, speed 3, slow metabolism 2
a: no special abilities


You were on level 3 of the Dungeon.
You were full.

You visited 1 branch of the dungeon, and saw 3 of its levels.

You collected 100 gold pieces.

Inventory:

Hand weapons
 a - a +2,+1 dagger (weapon)
 q - a cursed -2,-3 dagger
Missiles
 d - 12 darts (quivered)
Armour
 b - a +1 robe (worn)
Comestibles
 k - a bread ration
Scrolls
 h - a scroll of fear
 i - a scroll of remove curse {unknown}
 m - a scroll of teleportation
Jewellery
 n - a +1 ring of protection (right hand)
 p - a ring of wizardry (left hand)
Potions
 e - a potion of porridge
 f - 3 potions of poison {unknown}
 g - a potion of heal wounds {unknown}
 j - 2 potions of lignification {unknown}
 l - a potion of curing {unknown}
 o - a potion of cure mutation {unknown}
Books
 c - a book of Maledictions

   Spells                             Type                      Level
   *Corona                            Hexes                        1
   Sure Blade                         Hexes/Charms                 2
   *Ensorcelled Hibernation           Hexes/Ice                    2
   *Confuse                           Hexes                        3
   Enslavement                        Hexes                        4
   Invisibility                       Hexes                        6


   Skills:
 + Level 2.6 Short Blades
 - Level 1.1 Throwing
 - Level 3.0 Dodging
 + Level 6.8 Stealth
 - Level 2.6 Spellcasting
 - Level 3.6 Hexes


You had 2 spell levels left.
You knew the following spells:

 Your Spells              Type           Power        Failure   Level  Hunger
a - Ensorcelled Hibernat  Hex/Ice        #.....       7%          2    ##.....
b - Confuse               Hex            ##......     6%          3    ###....
Z - Corona                Hex            ##.....      2%          1    #......


Dungeon Overview and Level Annotations

Branches:
Dungeon (3/15)

Altars:
Elyvilon
Kikubaaqudgha
Makhleb
Trog

Annotations:
D:3 Grinder


Innate Abilities, Weirdness & Mutations

You are tiny and cannot use many weapons and most armour.
You have supernaturally acute eyesight.
You are a herbivore.
You cover ground extremely quickly.
You need consume almost no food.


Message History

You hit the goblin but do no damage. You hit the goblin.
You kill the goblin!
You hit the quokka.
The quokka is almost dead.
The quokka misses you.
You hit the quokka.
You kill the quokka!
Grinder barely misses you.
You hit Grinder but do no damage. Grinder gestures at you.
You suddenly lose the ability to move!
Grinder barely misses you. Grinder hits you!
You writhe in agony.
Grinder hits you.
You writhe in agony.
* * * LOW HITPOINT WARNING * * *
Grinder hits you.
* * * LOW HITPOINT WARNING * * *
You writhe in agony.
You die...

#.......#.##........
...........................
###############.##........
#.##........
#######.##>.......
...................
##########.##........
#...)).....#####..###
#...@......# #..#
#..5.......# #..#
................. ...
..................
....############## ... .


You could see Grinder.

Vanquished Creatures
  3 gnolls (D:2)
  An adder (D:2)
  A giant mite (D:3)
  3 worms (D:2)
  A giant gecko (D:1)
  An ooze (D:1)
  A ball python (D:1)
  8 bats
  7 giant cockroaches
  5 goblins
  8 hobgoblins
  2 jackals (D:2)
  2 quokkas
  3 giant newts
  6 kobolds
  2 rats
54 creatures vanquished.

Notes
Turn   | Place    | Note
--------------------------------------------------------------
     0 | D:1      | MirrMurr, the Spriggan Enchanter, began the quest for the Orb.
     0 | D:1      | Reached XP level 1. HP: 9/9 MP: 4/4
   133 | D:1      | Reached skill level 4 in Stealth
   145 | D:1      | Reached XP level 2. HP: 13/13 MP: 5/7
   149 | D:1      | Learned a level 2 spell: Ensorcelled Hibernation
   559 | D:1      | Reached skill level 5 in Stealth
   837 | D:2      | Found an ancient bone altar of Kikubaaqudgha.
   844 | D:2      | Found a burning altar of Makhleb.
   878 | D:2      | Reached XP level 3. HP: 13/16 MP: 2/9
   884 | D:2      | Learned a level 3 spell: Confuse
  1242 | D:2      | Found a bloodstained altar of Trog.
  1248 | D:2      | Reached skill level 6 in Stealth
  1338 | D:2      | Found a white marble altar of Elyvilon.
  1748 | D:2      | Reached XP level 4. HP: 21/21 MP: 9/12
  2333 | D:3      | Noticed Grinder
  2339 | D:3      | Paralysed by Grinder for 7 turns
  2343 | D:3      | Slain by Grinder

Action                   |  1- 3 |  4- 6 || total
-------------------------+-------+-------++-------
Melee: Dagger            |   157 |    49 ||   206
 Cast: Corona            |     1 |       ||     1
       Ensorcelled Hiber |    13 |     9 ||    22
  Use: Scroll            |     6 |     1 ||     7
 Stab: Sleeping          |    16 |     7 ||    23
